 Dungeon Crawl Stone Soup version 0.25-a0-547-g27a0b5d1ef (webtiles) character file.

Game seed: 11379555230227744364, levelgen mode: deterministic

6015 Esekla the Thaumaturge (level 10, -20/50 HPs)
             Began as a Deep Elf Wizard on Feb 22, 2020.
             Was a Believer of Ashenzari.
             Demolished by a death yak (22 damage)
             ... on level 8 of the Dungeon on Feb 23, 2020.
             The game lasted 01:40:16 (9638 turns).

Esekla the Thaumaturge (Deep Elf Wizard)            Turns: 9638, Time: 01:40:21

Health: -20/50     AC:  7    Str:  6    XL:     10   Next: 56%
Magic:  23/28      EV: 15    Int: 25    God:    Ashenzari [**....]
Gold:   420        SH:  0    Dex: 13    Spells: 10/33 levels left

rFire    . . .     SeeInvis .   f - +4 falchion (freeze) (curse)
rCold    . . .     Gourm    .   (no shield)
rNeg     . . .     Faith    .   S - +2 robe {MR+} (curse)
rPois    +         Spirit   .   E - +0 helmet
rElec    .         Reflect  .   w - +0 cloak
rCorr    .         Harm     .   y - +0 pair of gloves
MR       ++...                  (no boots)
Stlth    +++.......             (no amulet)
HPRegen  0.16/turn              c - ring of wizardry
MPRegen  0.21/turn              T - ring of poison resistance

@: lethally poisoned (-20 -> -21), studying Fire Magic
A: no striking features
a: Curse Item, Scrying, Renounce Religion


You were on level 8 of the Dungeon.
You worshipped Ashenzari.
Ashenzari was pleased with you.
You were not hungry.

You visited 2 branches of the dungeon, and saw 10 of its levels.

You collected 420 gold pieces.

Inventory:

Hand Weapons
 b - a +0 vorpal shortbow
 f - a cursed +4 falchion of freezing (weapon)
 s - a +4 short sword
 t - a +0 trident
Missiles
 h - 77 arrows
 n - 2 datura-tipped darts
 J - 7 boomerangs
 O - 30 poisoned darts (quivered)
Armour
 w - a +0 cloak (worn)
 y - a +0 pair of gloves (worn)
 E - a +0 helmet (worn)
 L - +0 acid dragon scales
 S - a cursed +2 robe of magic resistance (worn)
Magical Staves
 H - an uncursed staff of poison
Jewellery
 c - a ring of wizardry (left hand)
 q - an uncursed ring of protection from magic
 v - an uncursed ring of stealth
 K - an uncursed ring of wizardry
 P - an uncursed ring of positive energy
 Q - an uncursed ring of fire
 T - a ring of poison resistance (right hand)
Wands
 z - a wand of polymorph (11)
 N - a wand of iceblast (18)
 R - a wand of acid (12)
Scrolls
 e - 2 scrolls of magic mapping {unknown}
 i - 3 scrolls of fear {unknown}
 j - a scroll of remove curse
 k - 3 scrolls of enchant armour {unknown}
 A - 3 scrolls of teleportation {unknown}
 D - 3 scrolls of enchant weapon {unknown}
 F - 2 scrolls of random uselessness {unknown}
 G - a scroll of fog {unknown}
 I - a scroll of blinking {unknown}
Potions
 g - 2 potions of lignification
 l - a potion of cancellation {unknown}
 m - a potion of might
 o - 2 potions of brilliance
 p - a potion of stabbing
 r - a potion of mutation
 u - 2 potions of heal wounds
 x - a potion of resistance {unknown}
 B - a potion of berserk rage {unknown}
 M - a potion of magic {unknown}
 W - a potion of degeneration {unknown}
Books
 U - a manual of Fire Magic
Comestibles
 d - 18 rations


   Skills:
 + Level 3.0(4.4) Short Blades
 * Level 4.4(6.9) Long Blades
 + Level 0.5 Bows
 + Level 2.2 Throwing
 + Level 0.7 Armour
 * Level 5.9 Dodging
 + Level 6.7 Stealth
 * Level 12.2 Spellcasting
 + Level 6.0 Conjurations
 + Level 3.0 Charms
   Level 1.1 Summonings
 + Level 3.3 Translocations
 + Level 2.1 Fire Magic
 * Level 4.8 Air Magic
 + Level 2.7 Poison Magic


You had 10 spell levels left.
You knew the following spells:

 Your Spells              Type           Power        Failure   Level  Hunger
a - Magic Dart            Conj           ####         1%          1    None
b - Blink                 Tloc           N/A          1%          2    None
c - Mephitic Cloud        Conj/Pois/Air  #####...     1%          3    None
d - Static Discharge      Conj/Air       #####...     1%          3    None
e - Lightning Bolt        Conj/Air       #####.....   4%          5    ###....
f - Conjure Flame         Conj/Fire      #####...     1%          3    None
s - Airstrike             Air            #####.....   2%          4    None
w - Swiftness             Chrm/Air       #####...     1%          2    None

Your spell library contained the following spells:

 Spells                   Type           Power        Failure   Level  Hunger
 Freeze                   Ice            ###.         1%          1    None
 Shock                    Conj/Air       ####         1%          1    None
 Call Imp                 Summ           ###.....     1%          2    None
 Slow                     Hex            ###.....     2%          2    None


Dungeon Overview and Level Annotations

Branches:
Dungeon (9/15)             Temple (1/1) D:6
   Lair: D:8-11         Orc: D:9-12

Altars:
Ashenzari
Cheibriados
Dithmenos
Elyvilon
Fedhas
Gozag
Hepliaklqana
Kikubaaqudgha
Makhleb
Nemelex Xobeh
Qazlal
Ru
Sif Muna
Uskayaw
Vehumet
Wu Jian
Yredelemnul
Zin
The Shining One

Shops:
D:5 :   D:6 (

Annotations:
D:3 2 transporters, EnegeticOcto's ghost, weakling DDFi


Message History

Your base Long Blades skill increases to level 4!
Your Conjurations skill increases to level 6!
You hit the death yak. You freeze the death yak.
The death yak is lightly wounded.
You feel sick.
The death yak is engulfed in blazing flames.
The death yak gores you!
You hit the death yak but do no damage.
The death yak is moderately wounded.
The death yak is engulfed in blazing flames.
The death yak gores you!
The death yak is engulfed in blazing flames.
Casting: Mephitic Cloud (safe; 1% risk of failure)
Confirm with . or Enter, or press ? or * to list all spells.
You blink.
You are engulfed in blazing flames.
* * * LOW HITPOINT WARNING * * *
The death yak gores you.
* * * LOW HITPOINT WARNING * * *
The death yak gores you!!
You die... ...### ..# ...... ..# . ....## $. (. .. .Y S.. .##(Y .YY

###.# #.@Y# #....#
#Y#†# #.##.# #§#?#
#.##.# #.#.###
#.##.# #.#.%..
..##.#
#.####.##.##.#
##.####..#.##.######
#........#.#........
#.............#####.


You could see 4 death yaks, 2 yaks and a water moccasin.

Vanquished Creatures
  2 two-headed ogres
  A death yak (D:8)
  Maggie (D:6)
  Sigmund (D:5)
  4 yaks
  Eustachio (D:6)
  An ice beast (D:7)
  A phantom (D:7)
  5 ogres
  2 sky beasts
  A centaur (D:5)
  Blork the orc (D:5)
  6 bullfrogs
  3 scorpions
  3 wights (D:7)
  7 killer bees (D:9)
  A howler monkey (D:4)
  A crimson imp (D:6)
  3 orc priests
  11 orc wizards
  Crazy Yiuf (D:2)
  A centaur skeleton (D:6)
  5 hounds
  A jelly (D:6)
  4 iguanas
  Ijyb (D:4)
  7 worker ants
  A howler monkey zombie (D:5)
  A worker ant zombie (D:7)
  A gnoll (D:3)
  4 adders
  2 oozes
  An adder skeleton (D:4)
  6 worms
  2 dart slugs (D:2)
  2 leopard geckos
  23 orcs
  A ball python (D:4)
  8 giant cockroaches
  9 goblins
  6 hobgoblins
  9 jackals
  A quokka (D:3)
  A ball python skeleton (D:5)
  6 bats
  10 frilled lizards
  7 kobolds
  7 rats
  2 fungi (D:2)
186 creatures vanquished.

Vanquished Creatures (collateral kills)
  2 killer bees (D:9)
2 creatures vanquished.

Grand Total: 188 creatures vanquished

Notes
Turn   | Place    | Note
-------+----------+-------------------------------------------
     0 | D:1      | Esekla the Deep Elf Wizard began the quest for the Orb.
     0 | D:1      | Reached XP level 1. HP: 10/10 MP: 7/7
   179 | D:1      | Reached skill level 5 in Spellcasting
   191 | D:1      | Reached XP level 2. HP: 13/15 MP: 0/10
   201 | D:1      | Learned a level 2 spell: Blink
   806 | D:2      | Found a white marble altar of Elyvilon.
   832 | D:2      | Reached XP level 3. HP: 7/19 MP: 4/12
   837 | D:2      | Learned a level 3 spell: Mephitic Cloud
   841 | D:2      | Learned a level 3 spell: Conjure Flame
  1808 | D:2      | Found a glowing golden altar of the Shining One.
  1808 | D:2      | Found a shattered altar of Ashenzari.
  1814 | D:2      | Became a worshipper of Ashenzari the Shackled
  2001 | D:2      | Reached XP level 4. HP: 24/24 MP: 0/13
  2360 | D:2      | Found a runed translucent door.
  2361 | D:2      | Noticed Crazy Yiuf
  2469 | D:3      | Found a transporter.
  2471 | D:3      | Found a transporter.
  2472 | D:3      | Noticed EnegeticOcto's ghost (weakling DDFi)
  2496 | D:3      | Reached skill level 6 in Spellcasting
  2772 | D:2      | Killed Crazy Yiuf
  2772 | D:2      | Reached skill level 1 in Air Magic
  3171 | D:4      | Reached skill level 1 in Short Blades
  3171 | D:4      | Reached skill level 1 in Poison Magic
  3171 | D:4      | Reached XP level 5. HP: 27/28 MP: 5/16
  3627 | D:4      | Reached skill level 7 in Spellcasting
  3797 | D:4      | Reached XP level 6. HP: 23/32 MP: 11/18
  3890 | D:4      | Reached skill level 8 in Spellcasting
  3985 | D:4      | Noticed Ijyb
  4004 | D:4      | Killed Ijyb
  4179 | D:4      | Reached XP level 7. HP: 34/36 MP: 20/20
  4370 | D:5      | Entered Level 5 of the Dungeon
  4668 | D:5      | Found Diqir's Book Shoppe.
  4682 | D:5      | Noticed Blork the orc
  4771 | D:4      | Reached skill level 9 in Spellcasting
  4844 | D:5      | Killed Blork the orc
  4889 | D:5      | Reached XP level 8. HP: 32/41 MP: 5/23
  4922 | D:5      | Found a basalt altar of Yredelemnul.
  5045 | D:5      | Noticed Sigmund
  5693 | D:5      | Reached * piety under Ashenzari
  5743 | D:6      | Found a white marble altar of Elyvilon.
  5745 | D:6      | Noticed Eustachio
  5772 | D:6      | Killed Eustachio
  5867 | D:6      | Found a staircase to the Ecumenical Temple.
  5883 | D:6      | Reached skill level 5 in Stealth
  5885 | D:6      | Reached skill level 1 in Long Blades
  6029 | D:6      | Found Ocusm's Antique Weapon Shoppe.
  6043 | D:6      | Reached skill level 10 in Spellcasting
  6134 | D:6      | Found a shimmering blue altar of Sif Muna.
  6341 | D:6      | Identified Sif Muna's Papyrus of Ice
  6356 | D:6      | Learned a level 3 spell: Static Discharge
  6362 | D:6      | Learned a level 5 spell: Lightning Bolt
  6367 | D:6      | Learned a level 4 spell: Airstrike
  6370 | D:6      | Learned a level 2 spell: Swiftness
  6462 | Temple   | Entered the Ecumenical Temple
  6712 | D:6      | Reached skill level 1 in Charms
  6929 | D:6      | Noticed Maggie
  6954 | D:6      | Killed Maggie
  6954 | D:6      | Reached skill level 1 in Fire Magic
  6954 | D:6      | Reached XP level 9. HP: 45/45 MP: 18/25
  7090 | D:5      | Killed Sigmund
  7387 | D:7      | Reached skill level 11 in Spellcasting
  7650 | D:7      | Reached skill level 5 in Conjurations
  8106 | D:8      | Noticed a two-headed ogre
  8120 | D:8      | Killed a two-headed ogre
  8173 | D:8      | Noticed a death yak
  8226 | D:7      | Reached skill level 5 in Dodging
  8676 | D:8      | Reached skill level 1 in Throwing
  8685 | D:8      | Reached XP level 10. HP: 45/50 MP: 13/27
  8859 | D:9      | Noticed a two-headed ogre
  8870 | D:9      | Killed a two-headed ogre
  8870 | D:9      | Reached skill level 12 in Spellcasting
  8902 | D:9      | Found an ancient bone altar of Kikubaaqudgha.
  8942 | D:9      | Found a hide-covered altar of Uskayaw.
  9435 | D:8      | Reached ** piety under Ashenzari
  9476 | D:8      | Found an ornate altar of the Wu Jian Council.
  9622 | D:8      | Noticed a death yak
  9626 | D:8      | Noticed a death yak
  9630 | D:8      | Noticed a death yak
  9633 | D:8      | Noticed a death yak
  9634 | D:8      | Killed a death yak
  9638 | D:8      | HP: 2/50 [death yak (5)]
  9638 | D:8      | Demolished by a death yak

Levels and vault maps discovered:
D:1:      shiori_arrival_whats_in_store_for_you, layout_basic
D:2:      layout_basic, gammafunk_temple_overflow_wave, first_ration,
          elyvilon_altar_3, uniq_crazy_yiuf_cottage
D:3:      layout_basic, gammafunk_ghost_mausoleum
D:4:      layout_cave_pools, uniq_ijyb
D:5:      layout_basic, old_standard_altar, serial_shops,
          nicolae_shop_statue_plus, serial_co_window_serial, co_window_paths_a,
          co_window_cross_1, co_window_paths_a, co_window_corner_a,
          co_window_paths_b, co_window_corner_a, co_window_2corner,
          co_window_broadway_c, co_window_of_opportunity_b,
          co_window_broadway_a, glass_columns_c, glass_columns_a,
          glass_columns_a, glass_columns_b, serial_park_tiny_2, uniq_sigmund,
          uniq_blork_the_orc
D:6:      layout_loops_ring, old_standard_altar, led_sif_book,
          minmay_temple_entry_glassed_door, serial_shops, nicolae_shop_trees,
          uniq_eustachio, uniq_maggie
D:7:      layout_loops_ring, chequers_jeans
D:8:      layout_loops_ring, lemuel_crystal_altar,
          lemuel_coloured_pillars_altar, dpeg_lair_monsters
D:9:      layout_roguey, grunt_temple_overflow_bloody_war,
          eat_drink_and_be_merry_uskayaw, kiku_gazebo_pond_becter,
          david_nohive_1
Temple:   minmay_temple_curvy_loop

Skill      XL: |  1  2  3  4  5  6  7  8  9 10 |
---------------+-------------------------------+-----
Spellcasting   | 5 6 7 8 9 10 11 12 | 12.2
Conjurations   | 2 3 4 5 6 |  6.0
Air Magic      | 1 3 4 |  4.8
Short Blades   | 1 2 3 |  3.0
Poison Magic   | 1 2 |  2.7
Dodging        | 3 4 5 |  5.9
Stealth        | 4 5 6 |  6.7
Long Blades    | 1 2 4 |  4.4
Charms         | 2 3 |  3.0
Fire Magic     | 1 2 |  2.1
Translocations | 3 |  3.3
Throwing       | 1 2 |  2.2
Bows           | |  0.5
Armour         | |  0.7
Summonings     | |  1.1

Action                   |  1- 3 |  4- 6 |  7- 9 | 10-12 || total
-------------------------+-------+-------+-------+-------++-------
Melee: Dagger            |    21 |    74 |       |       ||    95
       Trident           |     9 |    13 |    17 |       ||    39
       Short sword       |       |    39 |    62 |       ||   101
       Scimitar          |       |       |    25 |       ||    25
       Falchion          |       |       |    22 |    31 ||    53
 Fire: Shortbow          |       |       |     3 |       ||     3
Throw: Boomerang         |       |       |     1 |       ||     1
       Dart              |       |       |     7 |    15 ||    22
 Cast: Magic Dart        |   133 |   120 |   179 |    15 ||   447
       Conjure Flame     |     2 |     3 |    18 |     5 ||    28
       Mephitic Cloud    |       |    16 |    33 |    11 ||    60
       Blink             |       |     5 |    14 |     1 ||    20
       Static Discharge  |       |       |       |     1 ||     1
Invok: Curse Item        |       |       |     3 |       ||     3
  Use: Scroll            |     4 |     2 |     2 |     1 ||     9
       Potion            |       |     1 |     3 |     2 ||     6
 Stab: Sleeping          |     5 |     2 |    19 |     1 ||    27
       Confused          |       |     6 |    10 |     5 ||    21
  Eat: Chunk             |     3 |     7 |    11 |     3 ||    24
       Ration            |       |       |     1 |       ||     1
Armor: Robe              |    16 |    12 |    10 |     6 ||    44
       Skin              |       |       |    20 |       ||    20
       Acid dragon scale |       |       |     6 |       ||     6
Dodge: Dodged            |    49 |    46 |    60 |    36 ||   191
       Rpst.: Scimitar   |       |       |     8 |       ||     8
       Falchion          |       |       |     3 |    15 ||    18

Table legend:
 A = Non-vault XP
 B = Vault XP
 C = Vault XP percentage of total XP
 D = Non-vault monster count
 E = Vault monster count
 F = Vault count percentage of total count
                 A         B        C        D         E       F
            +---------+---------+-------+---------+---------+-------
      Total |    6232 |    2362 |  27.5 |     168 |      18 |   9.7
            +---------+---------+-------+---------+---------+-------
        D:1 |      44 |       0 |   0.0 |      29 |       0 |   0.0
        D:2 |      59 |      41 |  41.0 |      22 |       1 |   4.3
        D:3 |      50 |       0 |   0.0 |      16 |       0 |   0.0
        D:4 |     688 |      35 |   4.8 |      29 |       1 |   3.3
        D:5 |     543 |     314 |  36.6 |      14 |       2 |  12.5
        D:6 |     627 |     685 |  52.2 |      20 |       4 |  16.7
        D:7 |     953 |       0 |   0.0 |      16 |       0 |   0.0
        D:8 |    1860 |     876 |  32.0 |      14 |       1 |   6.7
        D:9 |    1408 |     411 |  22.6 |       8 |       9 |  52.9
            +---------+---------+-------+---------+---------+-------
